 Dungeon Crawl Stone Soup version 0.25-a0-699-g25a338df49 (webtiles) character file.

Game seed: 12177850244685299217, levelgen mode: deterministic

920 Delarado the Cleaver (level 7, -6/57 HPs)
             Began as a Minotaur Monk on Apr 2, 2020.
             Killed from afar by a steam dragon (19 damage)
             ... with a ball of steam
             ... on level 5 of the Dungeon.
             The game lasted 00:11:06 (4212 turns).

Delarado the Cleaver (Minotaur Monk)                Turns: 4212, Time: 00:11:07

Health: -6/57      AC:  9    Str: 17    XL:     7   Next: 83%
Magic:  6/6        EV: 13    Int:  7    God:
Gold:   188        SH:  0    Dex: 13    Spells: 6/6 levels left

rFire    . . .     SeeInvis .   y - +12 Vampire's Tooth {vamp}
rCold    . . .     Gourm    .   (no shield)
rNeg     . . .     Faith    .   f - +0 leather armour
rPois    .         Spirit   .   (helmet restricted)
rElec    .         Reflect  .   x - +1 cloak
rCorr    .         Harm     .   (no gloves)
MR       .....                  (no boots)
Stlth    ++........             (no amulet)
HPRegen  0.19/turn              i - +4 ring of protection
MPRegen  0.10/turn              (no ring)

@: about to teleport
A: retaliatory headbutt, horns 2
a: no special abilities


You were on level 5 of the Dungeon.
You were not hungry.

You visited 1 branch of the dungeon, and saw 5 of its levels.

You collected 188 gold pieces.

Inventory:

Hand Weapons
 a - a +0 hand axe
 y - the +12 Vampire's Tooth (weapon) {vamp}
   (You found it on level 4 of the Dungeon)

   It inflicts no extra harm, but heals its wielder when it wounds a living foe.
Missiles
 l - a throwing net
 m - 10 poisoned darts (quivered)
 s - 6 curare-tipped darts
 t - 8 javelins
Armour
 b - a +0 robe
 f - a +0 leather armour (worn)
 x - a +1 cloak (worn)
Jewellery
 i - a +4 ring of protection (left hand)
 j - an uncursed ring of ice
Wands
 B - a wand of digging (3)
Scrolls
 g - a scroll of enchant weapon {unknown}
 o - 3 scrolls of teleportation
 p - 2 scrolls of remove curse
 q - a scroll of enchant armour
 r - a scroll of amnesia
 u - a scroll of blinking {unknown}
 v - a scroll of fog {unknown}
 C - a scroll of magic mapping {unknown}
 D - a scroll of noise {unknown}
Potions
 d - 2 potions of resistance
 e - 3 potions of curing {unknown}
 h - 2 potions of heal wounds {unknown}
 k - 2 potions of might {unknown}
 n - a potion of flight
 w - a potion of magic
 A - a potion of brilliance
Comestibles
 c - 14 rations
 z - 11 chunks of flesh


   Skills:
 - Level 3.6 Fighting
 + Level 6.4 Short Blades
 - Level 8.8 Axes
 - Level 3.2 Dodging
 - Level 1.5 Stealth


You had 6 spell levels left.
You didn't know any spells.
Your spell library was empty.

Dungeon Overview and Level Annotations

Branches:
Dungeon (5/15)
 Temple: D:4-7

Altars:
Cheibriados
Gozag
Xom
Zin
The Shining One


Innate Abilities, Weirdness & Mutations

You reflexively headbutt those who attack you in melee.
You have a pair of horns on your head.


Message History

Menkaure is engulfed in a cloud of scalding steam.
Menkaure calls on the powers of darkness!
The steam dragon convulses!
Your body is wracked with pain!
* * * LOW HITPOINT WARNING * * *
The steam dragon convulses!
The steam dragon is sucked into a shaft!
The shaft crumbles and collapses.
Menkaure is engulfed in a cloud of scalding steam.
Menkaure closely misses you.
You puncture Menkaure!
You destroy Menkaure!
You are engulfed in a cloud of scalding steam.
* * * LOW HITPOINT WARNING * * *
You puncture the steam dragon!
You feel better.
The steam dragon is severely wounded.
You are engulfed in a cloud of scalding steam.
* * * LOW HITPOINT WARNING * * *
The steam dragon breathes steam at you. The ball of steam hits you!!
You die...

......#
###################
)###..#
#................((
)##.#.##
#.###.########.###(
.#.#...# ####.# #.# #.#
#.
..##...#####.##.#######
#.# #(
.###.>......#....###P^##
#.# #(
P..###....########.≈.≈..
#.# #.
PP≈P≈#######.≈.≈P..P...P
#.# #)
≈PPP≈P.≈........@.......
#.# #÷
..........≈PPP.^≈D.≈....
#.# #.
P.P≈...P≈#########P....P
#.# #. ^.######## #.≈..≈
#.# #. ### #≈≈P# #.###.
#### ##.##.. #...#..
#.#.... #...#..


You could see a steam dragon.

Vanquished Creatures
  Eustachio (D:5)
  Menkaure (D:5)
  Edmund (D:5)
  Duvessa (D:4)
  A centaur (D:5)
  Dowan (D:4)
  3 hounds (D:4)
  2 orc priests (D:3)
  3 orc wizards
  A hound skeleton (D:4)
  5 adders
  An ooze (D:5)
  3 worms
  4 dart slugs
  3 leopard geckos
  14 orcs
  5 bats
  6 giant cockroaches
  2 hobgoblins (D:1)
  3 jackals (D:3)
  4 quokkas
  A ball python (D:2)
  8 frilled lizards
  7 goblins
  6 kobolds
  10 rats
97 creatures vanquished.

Notes
Turn   | Place    | Note
-------+----------+-------------------------------------------
     0 | D:1      | Delarado the Minotaur Monk began the quest for the Orb.
     0 | D:1      | Reached XP level 1. HP: 19/19 MP: 0/0
    20 | D:1      | You fall into a shaft and drop 1 floor!
   253 | D:1      | Reached skill level 4 in Axes
   360 | D:1      | Reached XP level 2. HP: 26/26 MP: 1/1
   507 | D:1      | Reached skill level 5 in Axes
   601 | D:1      | Reached XP level 3. HP: 31/31 MP: 2/2
  1895 | D:3      | Reached XP level 4. HP: 39/39 MP: 3/3
  1898 | D:3      | Reached skill level 6 in Axes
  2245 | D:3      | Reached skill level 7 in Axes
  2245 | D:3      | Reached XP level 5. HP: 23/45 MP: 4/4
  2251 | D:3      | HP: 1/45 [orc priest/divine providence (13)]
  3228 | D:3      | You fall into a shaft and drop 1 floor!
  3306 | D:4      | Found the +12 Vampire's Tooth {vamp}
  3327 | D:4      | Noticed Duvessa
  3343 | D:4      | Noticed Dowan
  3347 | D:4      | Killed Duvessa
  3347 | D:4      | Reached skill level 8 in Axes
  3347 | D:4      | Reached XP level 6. HP: 49/51 MP: 5/5
  3358 | D:4      | Killed Dowan
  3435 | D:4      | Reached skill level 1 in Short Blades
  3855 | D:4      | Reached XP level 7. HP: 55/57 MP: 6/6
  3960 | D:5      | Entered Level 5 of the Dungeon
  4018 | D:5      | Found a glowing silver altar of Zin,
  4025 | D:5      | Found a shimmering altar of Xom,
  4025 | D:5      | Found an opulent altar of Gozag,
  4026 | D:5      | Found a snail-covered altar of Cheibriados,
  4026 | D:5      | Found a glowing golden altar of the Shining One,
  4156 | D:5      | Noticed Edmund
  4164 | D:5      | Noticed Eustachio
  4165 | D:5      | Killed Edmund
  4165 | D:5      | Reached skill level 5 in Short Blades
  4176 | D:5      | Killed Eustachio
  4204 | D:5      | Noticed Menkaure
  4205 | D:5      | Noticed a steam dragon
  4206 | D:5      | Noticed a steam dragon
  4211 | D:5      | Killed Menkaure
  4212 | D:5      | Killed from afar by a steam dragon

Levels and vault maps discovered:
D:1:      dpeg_arrival_boxorama, layout_loops_ring
D:2:      layout_basic
D:3:      layout_basic, first_ration
D:4:      layout_loops_ring, roderic_serpentine_path, uniq_duvessa
D:5:      kennysheep_steamy, layout_loops_ring, grunt_temple_overflow_open,
          nicolae_overflow_quartered_altars, minmay_temple_entry_trees,
          enter_ossuary_1, minivault_11, uniq_edmund, uniq_menkaure,
          uniq_eustachio

Skill      XL: |  1  2  3  4  5  6  7 |
---------------+----------------------+-----
Axes           | 4 5 7 8 |  8.8
Short Blades   | 3 6 |  6.4
Fighting       | |  3.6
Dodging        | |  3.2
Stealth        | |  1.5

Action                   |  1- 3 |  4- 6 |  7- 9 || total
-------------------------+-------+-------+-------++-------
Melee: Hand axe          |    81 |    60 |       ||   141
       Headbutt          |    16 |    14 |     2 ||    32
       Quick blade       |       |    33 |    29 ||    62
Throw: Dart              |    33 |    19 |       ||    52
       Javelin           |       |     1 |       ||     1
       Throwing net      |       |     1 |       ||     1
  Use: Scroll            |       |       |     9 ||     9
 Stab: Sleeping          |       |     1 |       ||     1
  Eat: Chunk             |     3 |     6 |     1 ||    10
Armor: Robe              |     1 |       |       ||     1
       Leather armour    |    14 |    13 |     4 ||    31
Dodge: Dodged            |    62 |    76 |     7 ||   145

Table legend:
 A = Non-vault XP
 B = Vault XP
 C = Vault XP percentage of total XP
 D = Non-vault monster count
 E = Vault monster count
 F = Vault count percentage of total count
                 A         B        C        D         E       F
            +---------+---------+-------+---------+---------+-------
      Total |     686 |     629 |  47.8 |      92 |       5 |   5.2
            +---------+---------+-------+---------+---------+-------
        D:1 |      43 |       0 |   0.0 |      23 |       0 |   0.0
        D:2 |      43 |       0 |   0.0 |      19 |       0 |   0.0
        D:3 |     213 |       0 |   0.0 |      32 |       0 |   0.0
        D:4 |     249 |     224 |  47.4 |      13 |       2 |  13.3
        D:5 |     138 |     405 |  74.6 |       5 |       3 |  37.5
            +---------+---------+-------+---------+---------+-------
